 Dungeon Crawl Stone Soup version 0.29.0-5-ge4962eb29e (webtiles) character file.

Game seed: 7004042529068273270

12107 Zeldest the Thaumaturge (level 11, -5/84 HPs)
             Began as a Djinni Necromancer on Aug 29, 2022.
             Was the Champion of Ru.
             Slain by an eight-headed hydra (12 damage)
             ... on level 1 of the Lair of Beasts.
             The game lasted 00:26:46 (13692 turns).

Zeldest the Thaumaturge (Djinni Necromancer)       Turns: 13692, Time: 00:26:46

Health: -5/84      AC:  5    Str:  7    XL:     11   Next: 16%
Gold:   420        EV: 11    Int: 20    God:    Ru [******] SH:  0 Dex: 15

rFire   + + .      SeeInvis .   D - +0 dagger (venom)
rCold   . . .      Faith    .   (no shield)
rNeg    . . .      Spirit   .   G - +1 robe {rC+}
rPois   ∞          Reflect  .   y - +0 helmet
rElec   .          Harm     .   h - +0 cloak
rCorr   +          Rampage  .   (no gloves)
Will    +....                   (boots unavailable)
Stlth   ++........              (no amulet)
HPRegen 0.24/turn               s - ring of resist corrosion
MPRegen 0.00/turn               (no ring)

@: exhausted, flying, unable to read
A: sickness immunity, fire resistance 2, cold vulnerability 1, inability to read
after injury 2, inability to train dodging, inability to train armour,
inexperienced 1, float, innate caster, HP casting, extra vitality 1
a: Renounce Religion, Draw Out Power, Power Leap, Apocalypse


You were on level 1 of the Lair of Beasts.
You worshipped Ru.
Ru was exalted by your worship.
You visited 2 branches of the dungeon, and saw 10 of its levels.

You collected 556 gold pieces.
You spent 136 gold pieces at shops.

Inventory:

Hand Weapons
 D - a +0 dagger of venom (weapon)
 F - a +2 scimitar of flaming
Armour
 d - a +0 troll leather armour
 h - a +0 cloak (worn)
 y - a +0 helmet (worn)
 G - a +1 robe of cold resistance (worn)
Jewellery
 l - a ring of wizardry
 s - a ring of resist corrosion (left hand)
 L - a ring of see invisible
Wands
 n - a wand of flame (29)
 u - a wand of charming (6)
 v - a wand of iceblast (7)
 w - a wand of polymorph (7)
Scrolls
 b - 3 scrolls of vulnerability
 c - 4 scrolls of magic mapping
 e - 4 scrolls of amnesia {unknown}
 f - 2 scrolls of enchant weapon {unknown}
 g - 5 scrolls of summoning {unknown}
 i - a scroll of fear {unknown}
 j - 6 scrolls of teleportation {unknown}
 m - 2 scrolls of immolation {unknown}
 p - 2 scrolls of fog {unknown}
 q - a scroll of enchant armour
 r - a scroll of poison {unknown}
 H - a scroll of noise {unknown}
 I - a scroll of torment {unknown}
Potions
 a - a potion of haste {unknown}
 k - 2 potions of resistance
 o - a potion of degeneration {unknown}
 t - 3 potions of lignification {unknown}
 x - a potion of ambrosia {unknown}
 z - 5 potions of curing {unknown}
 A - 2 potions of attraction {unknown}
 B - a potion of might {unknown}
 C - a potion of invisibility {unknown}
 E - a potion of mutation {unknown}
 J - a potion of flight {unknown}


   Skills:
 + Level 9.5 Fighting
 - Level 7.2(7.5) Short Blades
 + Level 3.0(5.5) Long Blades
 - Level 1.5 Stealth
 * Level 11.0 Spellcasting


You had 6 spell levels left.
You knew the following spells:

 Your Spells              Type           Power      Damage    Failure   Level
a - Necrotise             Necr           100%       1d9       1%          1
b - Vampiric Draining     Necr           53%        2d9       1%          3
c - Animate Dead          Necr           53%        N/A       1%          4
d - Agony                 Necr           53%        N/A       1%          5
e - Apportation           Tloc           100%       N/A       1%          1
f - Stone Arrow           Conj/Erth      100%       3d13      1%          3
g - Ensorcelled Hibernat  Hex/Ice        100%       N/A       1%          2
h - Lesser Beckoning      Tloc           53%        N/A       1%          3
i - Corpse Rot            Necr/Pois/Air  53%        N/A       1%          4
Your spell library was empty.

Dungeon Overview and Level Annotations

Branches:
Dungeon (9/15)             Temple (0/1) D:5            Lair (1/5) D:9
    Orc (0/2) D:9

Altars:
Dithmenos
Elyvilon
Fedhas
Gozag
Hepliaklqana
Nemelex Xobeh
Qazlal
Ru
Trog

Shops:
D:4 *[


Innate Abilities, Weirdness & Mutations

You are immune to sickness and miasma.
You are immune to poison.
Your flesh is very heat resistant. (rF++)
You are vulnerable to cold. (rC-)
You sometimes lose the ability to read scrolls when taking damage.
You cannot train Dodging skill.
You cannot train Armour skill.
You are somewhat inexperienced. (-1 XL)
You float through the air rather than walking.
You learn spells naturally, not from books.
Your magical power is your life essence.
You have superior vitality. (+4 MHP)


Message History

Aim: a cane toad (moderately wounded)
You draw life force from the cane toad!
You feel life coursing into your body. The cane toad stings you!
* * * LOW HITPOINT WARNING * * *
Aiming: Vampiric Draining (safe; 1% risk of failure)
Press: ? - help, Q - select action, (/) - cycle Shift-Dir - straight line, f/p - cane toad
Aim: a cane toad (heavily wounded)
You draw life force from the cane toad!
You feel life coursing into your body!
* * * LOW HITPOINT WARNING * * *
The cane toad stings you but does no damage.
A yak comes into view.
The cane toad stings you!
* * * LOW HITPOINT WARNING * * *
You feel much better. The cane toad barely misses you.
Aiming: Charm
Press: ? - help, Shift-Dir - straight line, f/p - cane toad
Aim: a cane toad (almost dead, chance to affect: 49%)
The cane toad is charmed.
The komodo dragon bites your cane toad.
A yak comes into view.
Your cane toad stings the komodo dragon but does no damage.
The komodo dragon bites your cane toad!
Your cane toad dies!
A yak comes into view.
Your base Long Blades skill increases to level 3!
Your miasmic aura fades.
An eight-headed hydra comes into view.
The eight-headed hydra roars!
The eight-headed hydra moves out of view.
The eight-headed hydra closely misses you.
The eight-headed hydra bites you.
* * * LOW HITPOINT WARNING * * *
The eight-headed hydra bites you but does no damage.
The eight-headed hydra bites you!
* * * LOW HITPOINT WARNING * * *
The eight-headed hydra bites you but does no damage.
The eight-headed hydra bites you.
* * * LOW HITPOINT WARNING * * *
The eight-headed hydra closely misses you.
The eight-headed hydra bites you!
You die...

### ### ### ###
##.########.####.############.###
................lYYY.††.†........
...............########Y.........
................####.###.........
..#####.####...+@.....##....P.###
..# ##### #...##D....##....###
..# ..... #....#......+h...#
..#...... #...##.....##....#
..#P..... #...##........F..#
......... #...###P####.....#
..#...... ##...#########....##
..######P #..................#
..#########...........h.........


You could see an eight-headed hydra.

Vanquished Creatures
  2 hydras (Lair:1)
  Erica (D:8)
  3 two-headed ogres
  Pikel (D:8)
  A deep elf zephyrmancer (D:9)
  A black mamba (Lair:1)
  4 cane toads (Lair:1)
  2 trolls (D:9)
  Prince Ribbit (D:8)
  3 shadows (D:9)
  2 wyverns
  A wraith (D:9)
  2 yaks (D:9)
  A steam dragon (D:9)
  A basilisk (Lair:1)
  2 wargs
  A water moccasin (Lair:1)
  2 two-headed ogre zombies (D:9)
  2 ice beasts
  2 orc warriors (D:9)
  3 sky beasts
  3 ogres
  A black bear (D:5)
  A centaur (D:8)
  6 wolves (Lair:1)
  A lemure (D:8)
  A phantom (D:5)
  3 bullfrogs
  2 necrophages (D:5)
  2 troll zombies (D:9)
  2 electric eels (D:9)
  5 howler monkeys
  3 hounds
  2 gnoll boudas
  8 orc priests
  A jelly (D:6)
  Ijyb (D:5)
  12 orc wizards
  2 iguanas
  4 ogre zombies (D:9)
  15 gnolls
  2 adders
  2 shadow imps
  2 white imps
  3 worms
  A dart slug (D:1)
  31 orcs
  2 bats
  4 endoplasms
  2 giant cockroaches
  13 goblins
  8 hobgoblins
  5 jackals
  4 kobolds
  A quokka (D:5)
  5 ball pythons
  12 frilled lizards
  A goblin skeleton (D:9)
  4 goblin zombies (D:9)
  A hobgoblin skeleton (D:9)
  4 hobgoblin zombies (D:9)
  5 orc skeletons (D:9)
  10 orc zombies (D:9)
  6 rats
241 creatures vanquished.

Vanquished Creatures (collateral kills)
  A worm (D:2)
  A ball python (D:3)
  An endoplasm (D:1)
  4 frilled lizards (D:2)
  A kobold (D:1)
8 creatures vanquished.

Vanquished Creatures (others)
  A cane toad (Lair:1)
  A yak (D:9)
  A fungus (Lair:1)
  6 plants
9 creatures vanquished.

Grand Total: 258 creatures vanquished

Notes
Turn   | Place    | Note
-------+----------+-------------------------------------------
     0 | D:1      | Zeldest the Djinni Necromancer began the quest for the Orb.
     0 | D:1      | Zeldest set off with the following spells memorised:
                  | Necrotise, Vampiric Draining, Animate Dead, Agony.
     0 | D:1      | Reached XP level 1. HP: 15/15 MP: 0/0
   137 | D:1      | Reached XP level 2. HP: 14/22 MP: 0/0
   589 | D:1      | Reached skill level 1 in Fighting
   777 | D:1      | Reached XP level 3. HP: 27/27 MP: 0/0
   777 | D:1      | Learned a level 1 spell: Apportation
  1018 | D:1      | Found a faded altar of an unknown god.
  1183 | D:1      | Prayed at the altar of an unknown god.
  1183 | D:1      | Became a worshipper of Ru the Awakened
  1187 | D:1      | Gained mutation: You cannot train Armour skill. [Ru
                  | sacrifice]
  1187 | D:1      | Reached * piety under Ru
  1800 | D:2      | Reached XP level 4. HP: 20/32 MP: 0/0
  1802 | D:2      | Reached skill level 4 in Spellcasting
  2622 | D:2      | Reached XP level 5. HP: 19/39 MP: 0/0
  2622 | D:2      | Learned a level 2 spell: Ensorcelled Hibernation
  3911 | D:4      | Gained mutation: You cannot train Dodging skill. [Ru
                  | sacrifice]
  3911 | D:4      | Reached ** piety under Ru
  3911 | D:4      | Reached *** piety under Ru
  4031 | D:4      | Reached XP level 6. HP: 30/45 MP: 0/0
  4392 | D:4      | Found Ginun's General Store.
  4395 | D:4      | Noticed an ogre
  4403 | D:4      | Killed an ogre
  4404 | D:4      | Reached skill level 5 in Spellcasting
  4559 | D:4      | Found an opulent altar of Gozag.
  4676 | D:4      | Found a hazy altar of Hepliaklqana.
  4845 | D:4      | Found Cav Husm's Antique Armour Shoppe.
  4870 | D:4      | Bought a crude robe for 136 gold pieces
  4870 | D:4      | Identified the +1 robe "Tekusch" {rPois Int-4 Dex+2} (You
                  | bought it in a shop on level 4 of the Dungeon)
  5016 | D:5      | Entered Level 5 of the Dungeon
  5016 | D:5      | Found a white marble altar of Elyvilon.
  5021 | D:5      | Found a blossoming altar of Fedhas.
  5050 | D:5      | Noticed a black bear
  5065 | D:5      | Reached XP level 7. HP: 41/50 MP: 0/0
  5065 | D:5      | Learned a level 3 spell: Stone Arrow
  5159 | D:5      | Found a staircase to the Ecumenical Temple.
  5171 | D:5      | Reached skill level 1 in Short Blades
  5373 | D:5      | Found a shadowy altar of Dithmenos.
  5496 | D:5      | Noticed Ijyb
  5511 | D:5      | Killed Ijyb
  5736 | D:5      | Reached XP level 8. HP: 56/58 MP: 0/0
  5872 | D:5      | Reached skill level 6 in Spellcasting
  6870 | D:6      | Gained mutation: You are somewhat inexperienced. (-1 XL)
                  | [Ru sacrifice]
  6870 | D:6      | Reached XP level 7. HP: 53/53 MP: 0/0
  6870 | D:6      | Reached **** piety under Ru
  6870 | D:6      | Reached ***** piety under Ru
  6973 | D:7      | Noticed a wyvern
  6976 | D:7      | Killed a wyvern
  6977 | D:7      | Reached skill level 5 in Fighting
  7162 | D:7      | Reached XP level 8. HP: 50/59 MP: 0/0
  7189 | D:7      | Reached skill level 7 in Spellcasting
  7788 | D:7      | Found a sparkling altar of Nemelex Xobeh.
  7985 | D:8      | Noticed a two-headed ogre
  8027 | D:8      | Noticed Erica
  8034 | D:8      | Killed Erica
  8278 | D:8      | Noticed Prince Ribbit
  8288 | D:8      | Reached skill level 8 in Spellcasting
  8289 | D:8      | Killed Prince Ribbit
  8290 | D:8      | Reached XP level 9. HP: 15/67 MP: 0/0
  8290 | D:8      | Learned a level 3 spell: Lesser Beckoning
  8665 | D:8      | Noticed Pikel
  8669 | D:8      | Killed Pikel
  8670 | D:8      | Reached skill level 5 in Short Blades
  9150 | D:8      | Killed a two-headed ogre
  9422 | D:8      | Reached skill level 9 in Spellcasting
  9613 | D:9      | Noticed a two-headed ogre
  9639 | D:9      | Found a staircase to the Lair.
 10177 | D:9      | Gained mutation: You occasionally lose the ability to read
                  | scrolls when taking damage. [Ru sacrifice]
 10177 | D:9      | Gained mutation: You sometimes lose the ability to read
                  | scrolls when taking damage. [Ru sacrifice]
 10177 | D:9      | Reached ****** piety under Ru
 10214 | D:9      | HP: 1/69 [troll (5)]
 10578 | D:9      | Found a stormy altar of Qazlal.
 10579 | D:9      | Found a bloodstained altar of Trog.
 10803 | D:9      | Reached XP level 10. HP: 46/76 MP: 0/0
 11337 | D:9      | Noticed a two-headed ogre
 11352 | D:9      | Noticed a deep elf zephyrmancer
 11357 | D:9      | Killed a deep elf zephyrmancer
 12124 | D:9      | Found a staircase to the Orcish Mines.
 12442 | D:9      | Killed a two-headed ogre
 12443 | D:9      | Reached skill level 10 in Spellcasting
 12615 | D:9      | Killed a two-headed ogre
 13071 | Lair:1   | Entered Level 1 of the Lair of Beasts
 13111 | Lair:1   | Noticed a six-headed hydra
 13120 | Lair:1   | Killed a six-headed hydra
 13121 | Lair:1   | Reached skill level 1 in Long Blades
 13517 | Lair:1   | Noticed a five-headed hydra
 13523 | Lair:1   | Killed a five-headed hydra
 13665 | Lair:1   | Reached XP level 11. HP: 63/83 MP: 0/0
 13665 | Lair:1   | Learned a level 4 spell: Corpse Rot
 13678 | Lair:1   | Reached skill level 11 in Spellcasting
 13689 | Lair:1   | Noticed an eight-headed hydra
 13692 | Lair:1   | Slain by an eight-headed hydra

Illustrated notes

Levels and vault maps discovered:
D:1:      tarquinn_simple_flora_water_a, layout_basic,
          shapermc_ecumenical_altar_hornbeckon, grunt_decor_arrowhead,
          chequers_serial_rivers_micro_c
D:2:      layout_basic, kennysheep_cross_bottleneck, minmay_lizard_king
D:3:      layout_loops_corners, st_stairs_12, minmay_crystal_room
D:4:      wander_river, layout_loops_ring, nzn_hepliaklqana_mist_gate,
          overflow_temple_1_default,
          nicolae_gozag_cash_rules_everything_around_me, serial_shops,
          nicolae_stop_n_shop_2, shop_coins
D:5:      layout_loops_cross, lemuel_crystal_altar, fedhas_altar_2,
          mainiacjoe_overflow_24_doors, minmay_temple_entry_steel_oval,
          uniq_ijyb
D:6:      layout_gridville, kennysheep_generic_room_4
D:7:      layout_loops_ring, mainiacjoe_overflow_small_starburst
D:8:      layout_basic, marbit_many_paths, st_stairs_8, uniq_prince_ribbit1,
          uniq_pikel, uniq_erica
D:9:      layout_basic, nicolae_overflow_squiral, erik_lair_orcish_takeover,
          zombieorc2_lemuel, st_stairs_3, guppyfry_early_elven_hall
Lair:1:   beast_lair_carwin_large_2, layout_regular_city, worms_lemuel

Skill      XL: |  1  2  3  4  5  6  7  8  9 10 11 |
---------------+----------------------------------+-----
Fighting       | 1 2 3 5 6 7 9 |  9.5
Spellcasting   | 4 5 8 9 10 11 | 11.0
Dodging        | 0 |  0.0
Short Blades   | 3 4 6 7 |  7.2
Long Blades    | 2 3 |  3.0
Stealth        | |  1.5

Action                   |  1- 3 |  4- 6 |  7- 9 | 10-12 || total
-------------------------+-------+-------+-------+-------++-------
Melee: Unarmed           |     1 |       |       |       ||     1
       Dagger            |       |    40 |    61 |     2 ||   103
       Punch             |       |       |     1 |       ||     1
 Cast: Necrotise         |    72 |    90 |       |       ||   162
       Apportation       |     3 |       |       |       ||     3
       Vampiric Draining |       |    25 |   111 |    30 ||   166
       Ensorcelled Hiber |       |     2 |     2 |       ||     4
       Stone Arrow       |       |       |    80 |    92 ||   172
       Corpse Rot        |       |       |       |     1 ||     1
Invok: Sacrifice Durabil |     1 |       |       |       ||     1
       Sacrifice Nimblen |       |     1 |       |       ||     1
       Sacrifice Experie |       |       |     1 |       ||     1
       Draw Out Power    |       |       |     1 |       ||     1
       Sacrifice Words   |       |       |     1 |       ||     1
       Apocalypse        |       |       |       |     1 ||     1
Evoke: Wand              |       |     1 |     4 |     4 ||     9
  Use: Scroll            |       |       |     5 |     1 ||     6
       Potion            |       |       |     1 |     1 ||     2
 Stab: Sleeping          |       |     1 |     3 |       ||     4
       Invisible         |       |     1 |       |       ||     1
       Distracted        |       |       |     1 |       ||     1
Armor: Robe              |     2 |     2 |    18 |     9 ||    31
Dodge: Dodged            |     9 |    51 |    66 |    31 ||   157
